Map: Frozen Temple

Players

GAMETIME - Winner!

  • Race: Zerg Zerg
  • League: Grandmaster

Miszu

  • Race: Protoss Protoss
  • League: Master

VOD

Have the link to the VOD?

Description

Time

  • Played on: June 28, 2016, 8:07 a.m.
  • Length: 12:11
Show
View Real Time Build Order
Export as new Build Order

GAMETIME Zerg - Winner!

Build Orders: Hatch First, Lurkers 

Get SALT Encoding   

  12  0:01  Drone  
  13  0:08  Drone  
  14  0:21  Overlord  
  14  0:24  Extractor, Drone  
  15  0:39  Drone x2  
  17  0:54  Hatchery  
  17  0:56  Drone  
  17  0:59  Drone  
  18  1:10  Extractor  
  17  1:15  Spawning Pool  
  17  1:18  Drone  
  17  1:21  Drone  
  18  1:28  Drone  
  19  1:40  Overlord  
  19  2:01  Queen  
  19  2:02  Zergling x4  
  19  2:05  Queen  
  19  2:06  Zergling x2  
  26  2:11  Drone  
  26  2:13  Metabolic Boost  
  27  2:18  Drone  
  28  2:23  Drone  
  29  2:34  Drone x2  
  31  2:46  Hatchery  
  31  2:48  Overlord  
  31  2:49  Drone  
  31  2:53  Drone  
  31  2:57  Drone  
  32  3:06  Drone x2  
  33  3:17  Zergling x8  
  33  3:19  Zergling x6  
  39  3:22  Queen  
  39  3:25  Overlord  
  41  3:29  Drone  
  41  3:34  Overlord  
  42  3:35  Drone  
  43  3:45  Drone x2  
  46  3:48  Drone  
  46  3:49  Drone x2  
  46  3:55  Drone x2  
  48  3:56  Drone  
  48  4:00  Drone x2  
  48  4:02  Drone  
  52  4:09  Lair  
  52  4:11  Evolution Chamber  
  52  4:12  Evolution Chamber  
  52  4:13  Drone x3  
  52  4:16  Extractor  
  52  4:18  Overlord  
  52  4:19  Drone  
  52  4:22  Drone x3  
  55  4:26  Drone  
  55  4:28  Overlord  
  55  4:29  Drone  
  57  4:36  Drone x3  
  60  4:44  Overlord x2  
  60  4:45  Zergling x2  
  61  4:51  Drone  
  61  4:52  Drone x3  
  65  4:54  Overlord  
  65  5:03  Drone x3  
  65  5:06  Zerg Missile Weapons Level 1, Extractor, Zerg Melee Weapons Level 1  
  66  5:08  Zergling x2  
  67  5:16  Drone x2  
  67  5:17  Drone  
  67  5:19  Extractor, Drone x3  
  67  5:20  Zergling x10  
  77  5:24  Overlord  
  77  5:26  Hydralisk Den  
  76  5:30  Zergling x4  
  76  5:34  Overlord  
  78  5:38  Zergling x2  
  78  5:39  Zergling x2  
  80  5:43  Zergling x6  
  80  5:44  Zergling x2  
  80  5:45  Zergling x2  
  80  5:46  Zergling x4  
  86  5:56  Zergling x10  
  82  6:04  Drone  
  82  6:05  Drone  
  82  6:11  Drone x5  
  78  6:15  Drone x2  
  78  6:16  Drone  
  78  6:17  Drone x3  
  83  6:20  Extractor  
  83  6:21  Overlord x3, Extractor  
  79  6:28  Drone, Hatchery  
  79  6:36  Hydralisk x2  
  79  6:37  Hydralisk  
  79  6:39  Hydralisk  
  87  6:41  Overlord  
  87  6:42  Overlord x2  
  87  6:44  Hydralisk  
  86  6:47  Hydralisk x3  
  86  6:49  Hydralisk x2  
  94  6:57  Hydralisk x4  
  99  7:02  Zerg Melee Weapons Level 2, Muscular Augments  
  99  7:05  Zergling x4  
  101  7:09  Zerg Missile Weapons Level 2  
  101  7:11  Queen  
  101  7:12  Zergling x4  
  101  7:15  Zergling x2  
  106  7:20  Hydralisk x2  
  110  7:30  Drone  
  110  7:31  Drone x3  
  110  7:33  Drone x4  
  110  7:34  Hydralisk x3  
  110  7:35  Hydralisk  
  126  7:43  Queen  
  128  7:47  Overlord x2, Hydralisk  
  130  7:51  Zergling x4  
  130  7:52  Extractor, Zergling x2  
  130  7:57  Hydralisk x2  
  130  7:58  Hydralisk  
  136  7:59  Hydralisk  
  136  8:01  Zergling x2  
  136  8:02  Zergling x2  
  136  8:03  Hydralisk  
  136  8:05  Zergling x2  
  145  8:06  Zergling x2  
  145  8:08  Hydralisk  
  145  8:09  Zergling x2  
  145  8:10  Zergling x2  
  145  8:11  Zergling x2  
  145  8:12  Zergling x2  
  151  8:14  Lurker Den  
  151  8:19  Zergling x8  
  155  8:22  Hydralisk  
  155  8:23  Hydralisk  
  155  8:25  Hydralisk  
  160  8:29  Hydralisk x2  
  164  8:41  Hydralisk x6  
  141  8:43  Zergling x2  
  141  8:44  Zergling x4  
  141  8:46  Zergling x4  
  139  8:55  Hydralisk x4  
  128  9:00  Hydralisk x3  
  128  9:02  Hydralisk  
  129  9:04  Hydralisk  
  129  9:06  Hydralisk  
  129  9:08  Hydralisk  
  133  9:15  Hydralisk x3  
  140  9:17  Zergling x2  
  140  9:18  Zergling x2  
  140  9:19  Zergling x4  
  140  9:21  Zergling x2  
  140  9:22  Zergling x2  
  140  9:23  Overlord  
  145  9:25  Overseer  
  145  9:26  Zergling x2  
  145  9:28  Zergling x2  
  145  9:29  Zergling x4  
  149  9:33  Zergling x4  
  149  9:34  Zerg Ground Armor Level 1  
  151  9:40  Zergling x4  
  154  9:45  Zergling x4  
  154  9:46  Zergling x12  
  154  9:47  Zergling x4  
  154  9:48  Lurker  
  154  9:49  Lurker  
  154  9:50  Lurker  
  154  9:51  Lurker  
  167  9:53  Lurker  
  167  9:56  Lurker  
  167  9:57  Zergling x2  
  167  9:58  Zergling x6  
  173  10:01  Zergling x4  
  173  10:02  Zergling x2  
  173  10:03  Lurker  
  177  10:08  Zergling x4  
  177  10:10  Zergling x2  
  180  10:16  Zergling x2  
  180  10:17  Zergling x6  
  182  10:30  Spine Crawler  
  182  10:32  Hydralisk, Spine Crawler  
  182  10:33  Hydralisk x3  
  182  10:34  Spore Crawler  
  182  10:35  Lurker x2  
  184  10:43  Overlord x3  
  178  10:59  Hydralisk  
  178  11:00  Hydralisk x5  
  178  11:10  Hydralisk  
  178  11:11  Hydralisk x9  
  174  11:14  Zergling x2  
  174  11:15  Zergling x2  
  174  11:18  Hydralisk  
  180  11:21  Hydralisk x2  
  180  11:24  Hydralisk  
  149  11:28  Zergling x2  
  149  11:29  Zergling x2  
  140  11:32  Hydralisk  
  140  11:34  Hydralisk x3  
  148  11:52  Lurker  
  148  11:53  Lurker  
Show
View Real Time Build Order
Export as new Build Order

Miszu Protoss 

Build Orders: 1 Gate Expand, Zealot Archon 

Get SALT Encoding   

  12  0:00  Probe (Chrono Boost)  
  13  0:11  Probe (Chrono Boost)  
  14  0:18  Pylon  
  14  0:22  Probe (Chrono Boost)  
  15  0:29  Assimilator  
  15  0:36  Probe (Chrono Boost)  
  16  0:42  Gateway  
  16  0:47  Probe (Chrono Boost)  
  17  0:50  Assimilator  
  17  0:57  Probe (Chrono Boost)  
  18  1:19  Nexus  
  18  1:24  Probe (Chrono Boost)  
  19  1:33  Cybernetics Core  
  19  1:37  Probe (Chrono Boost)  
  20  1:45  Assimilator  
  20  1:47  Probe (Chrono Boost)  
  21  1:56  Pylon  
  21  1:58  Probe (Chrono Boost)  
  22  2:09  Probe (Chrono Boost)  
  22  2:13  Warp Gate (Chrono Boost)  
  22  2:15  Stalker (Chrono Boost)  
  25  2:21  Probe  
  26  2:29  Mothership Core  
  26  2:33  Probe  
  29  2:41  Adept (Chrono Boost)  
  31  2:45  Probe  
  31  2:48  Probe  
  33  2:57  Probe  
  34  3:07  Probe  
  34  3:10  Probe  
  36  3:14  Gateway  
  36  3:16  Gateway  
  36  3:18  Probe  
  37  3:22  Probe  
  37  3:25  Pylon  
  38  3:28  Probe  
  39  3:34  Probe  
  39  3:39  Probe  
  41  3:46  Probe  
  42  3:49  Probe  
  42  3:51  Pylon  
  42  3:54  Nexus  
  42  4:04  Probe  
  42  4:05  Probe  
  44  4:14  Adept x2  
  44  4:15  Adept  
  44  4:16  Probe  
  50  4:17  Twilight Council, Probe  
  52  4:26  Probe  
  52  4:29  Pylon, Probe  
  54  4:32  Pylon  
  53  4:39  Probe  
  53  4:43  Assimilator  
  54  4:45  Assimilator  
  54  4:47  Probe  
  54  4:51  Adept  
  54  4:52  Adept x2  
  61  4:54  Blink  
  61  4:55  Nexus  
  61  4:56  Probe  
  62  5:01  Robotics Facility  
  61  5:07  Probe  
  61  5:09  Probe  
  61  5:13  Adept x2  
  67  5:23  Probe  
  67  5:24  Probe  
  67  5:27  Pylon  
  69  5:29  Pylon  
  69  5:32  Pylon  
  69  5:33  Probe  
  70  5:36  Forge  
  70  5:45  Probe  
  71  5:56  Probe  
  69  5:57  Probe  
  67  6:07  Probe  
  67  6:09  Probe  
  67  6:10  Adept x2  
  67  6:11  Adept  
  73  6:13  Protoss Ground Weapons Level 1  
  73  6:15  Gateway, Probe  
  73  6:17  Gateway, Probe  
  68  6:19  Gateway  
  68  6:23  Templar Archives, Probe  
  66  6:29  Probe  
  66  6:32  Stalker x2  
  71  6:35  Stalker  
  71  6:36  Probe  
  71  6:38  Observer  
  71  6:39  Probe x2  
  75  6:48  Probe  
  76  6:59  Stalker x3  
  76  7:00  Observer  
  83  7:03  Psionic Storm  
  83  7:04  Gateway x2  
  83  7:07  Charge  
  83  7:14  Assimilator  
  83  7:16  Assimilator  
  83  7:20  High Templar x3  
  89  7:24  High Templar, Probe x2  
  89  7:26  Probe  
  89  7:28  Archon  
  89  7:29  Archon, Pylon  
  94  7:38  Probe  
  94  7:39  Immortal  
  99  7:47  High Templar  
  101  7:59  Pylon  
  101  8:01  Stalker  
  101  8:02  High Templar  
  101  8:03  Stalker  
  107  8:12  High Templar  
  107  8:19  Photon Cannon  
  109  8:29  Nexus  
  107  8:40  Zealot x3  
  107  8:41  Zealot x4  
  104  8:54  Stalker  
  96  9:05  Nexus  
  96  9:07  Protoss Ground Weapons Level 2  
  96  9:08  High Templar, Immortal  
  96  9:09  High Templar x2  
  104  9:13  Stalker x2  
  104  9:14  Stalker x2  
  112  9:18  Probe x2, Photon Cannon x2  
  112  9:19  Probe  
  112  9:20  Pylon, Photon Cannon  
  115  9:29  Pylon  
  115  9:31  Gateway  
  115  9:33  Adept, Gateway  
  115  9:35  Gateway  
  115  9:38  Zealot x3  
  123  9:40  High Templar  
  123  9:41  High Templar  
  123  9:45  Archon  
  127  9:46  Assimilator  
  127  9:47  Immortal  
  131  9:55  Stalker x2  
  135  10:11  High Templar x2  
  135  10:12  High Templar  
  141  10:17  Pylon  
  141  10:22  Pylon x2  
  141  10:23  Assimilator  
  141  10:25  Pylon  
  141  10:26  Warp Prism  
  141  10:27  Stalker x4  
  151  10:33  Zealot  
  147  10:39  Zealot x2  
  147  10:40  Zealot  
  153  10:45  Zealot x3  
  159  10:57  Zealot x2  
  159  10:58  Zealot  
  158  11:05  Zealot x3  
  158  11:06  Zealot x5  
  118  11:24  Archon  
  118  11:25  Archon  
  85  11:26  Zealot x2  
  85  11:27  Zealot x4  
  83  11:39  High Templar  
  81  11:40  High Templar  
  81  11:43  Observer (Chrono Boost)  
  84  11:48  High Templar  
  84  11:49  High Templar  
  84  11:50  Stalker x3  
  92  12:03  Zealot  
Tags
 
Add a new tag
Caveats
  • Supply blocks, unpowered buildings, or Contaminate may cause inaccurate times.
  • Supply counts are checked every 10 seconds.